 Dungeon Crawl Stone Soup version 0.31-a0-7-g51783674b7 (webtiles) character file.

Game seed: 3328675878239547525

184 qeuew the Covered (level 5, -1/33 HPs)
             Began as a Gargoyle Fighter on May 5, 2023.
             Slain by a gnoll bouda
             ... wielding a +0 whip
              (3 damage)
             ... on level 4 of the Dungeon.
             The game lasted 00:04:16 (2233 turns).

qeuew the Covered (Gargoyle Fighter)                Turns: 2233, Time: 00:04:17

Health: -1/33      AC: 12    Str: 20    XL:     5   Next: 63%
Magic:  5/5        EV:  9    Int:  8    God:
Gold:   135        SH:  4    Dex: 11    Spells: 4/4 levels left

rFire   . . .        a - +1 flail
rCold   . . .        c - +0 buckler
rNeg    + + +        b - +0 scale mail
rPois   ∞            l - +1 hat
rElec   +            (no cloak)
rCorr   +            (no gloves)
SInv    +            (no boots)
Will    .....        (no amulet)
Stlth   +            f - ring "Kofozeyfei" {rElec rN++ rCorr SInv Stlth+}
HPRegen 0.25/turn    (no ring)
MPRegen 0.09/turn

%: no passive effects
@: invisible
A: sickness immunity, AC +4, negative energy resistance 1, electricity
resistance, torment resistance 1, petrification resistance
a: no special abilities


You were on level 4 of the Dungeon.
You visited 1 branch of the dungeon, and saw 4 of its levels.

You collected 135 gold pieces.

Inventory:

Hand Weapons
 a - a +1 flail (weapon)
Armour
 b - a +0 scale mail (worn)
 c - a +0 buckler (worn)
 l - a +1 hat (worn)
Jewellery
 f - the ring "Kofozeyfei" (left hand) {rElec rN++ rCorr SInv Stlth+}
   (You found it on level 2 of the Dungeon)

   [ring of see invisible]

   rElec:     It insulates you from electricity.
   rN:        It greatly protects you from negative energy.
   SInv:      It lets you see invisible.
   rCorr:     It protects you from acid and corrosion.
   Stlth:     It makes you more stealthy.
 h - a ring of wizardry
Wands
 e - a wand of roots (7)
Potions
 d - 2 potions of might


   Skills:
 + Level 4.0 Fighting
 * Level 3.5 Maces & Flails
 * Level 4.6 Armour
 + Level 4.0 Shields
 + Level 1.0 Evocations


You had 4 spell levels left.
You didn't know any spells.
Your spell library contained the following spells:

 Spells                   Type           Power      Damage    Failure   Level
 Beastly Appendage        Tmut           0%         N/A       83%         1
 Wereblood                Tmut           0%         N/A       92%         2
 Spider Form              Tmut/Pois      0%         N/A       99%         3
 Malign Gateway           Summ/Tloc      0%         N/A       100%        7
 Summon Horrible Things   Summ           0%         N/A       100%        8


Dungeon Overview and Level Annotations

Branches:
Dungeon (4/15)
 Temple: D:4-7

Altars:

Shops:
D:1 [

Annotations:
D:1 2 transporters


Innate Abilities, Weirdness & Mutations

You are immune to sickness and miasma.
Your stone body is resilient. (AC +4)
You are immune to poison.
You resist negative energy. (rN+)
You are resistant to electric shocks. (rElec)
You are resistant to unholy torment.
You are immune to petrification.


Message History

You closely miss the gnoll bouda.
The gnoll bouda is lightly wounded.
The goblin closely misses you. You block the gnoll's attack.
The gnoll bouda barely misses you. You block the goblin's attack.
The gnoll hits you from afar with a +4 spear!
The gnoll bouda barely misses you.
You are too injured to fight recklessly!
You are too injured to fight recklessly!
You are too injured to fight recklessly!
You are too injured to fight recklessly!
You are too injured to fight recklessly!
You are too injured to fight recklessly!
You are too injured to fight recklessly!
You are too injured to fight recklessly!
You are too injured to fight recklessly!
You are too injured to fight recklessly!
You are too injured to fight recklessly!
You are too injured to fight recklessly!
You are too injured to fight recklessly!
Unknown command.
You closely miss the gnoll bouda.
The gnoll bouda is lightly wounded.
The gnoll misses you. The gnoll bouda completely misses you.
The goblin hits you with a +0 dagger of freezing.
* * * LOW HITPOINT WARNING * * *
The goblin freezes you.
* * * LOW HITPOINT WARNING * * *
The gnoll bouda attacks as you move away!
The gnoll bouda hits you with a +0 whip.
* * * LOW HITPOINT WARNING * * *
The goblin attacks as you move away! The goblin hits you but does no damage.
A gnoll comes into view.
It is wielding a +2 halberd of protection.
The gnoll bouda attacks as you move away!
The gnoll bouda hits you with a +0 whip.
* * * LOW HITPOINT WARNING * * *
You fade into invisibility!
The gnoll barely misses you. The goblin hits you but does no damage.
A gnoll comes into view. It is wielding a +0 whip.
The gnoll bouda hits you with a +0 whip.
You die...

#...<# ..## #.####
.#.... #.# ....###
#.# # ....... #.# #.
.?...# #.#
#.#####.#...# #.#
#....>....#.#.
#.######g.g........
#.#....@gg...g#..#
###.#.########......#
#...#.# .......
#.###.# #.#....
#.....# <. #.#
####### .#. . ###


You could see a gnoll bouda (unable to see you), 3 gnolls and a goblin (unable
to see you).

Vanquished Creatures
  A howler monkey (D:4)
  A hound (D:4)
  An orc priest (D:3)
  2 adders
  2 worms (D:3)
  2 dart slugs
  2 orcs (D:3)
  9 bats
  4 endoplasms
  3 giant cockroaches
  5 goblins
  3 hobgoblins
  A quokka (D:1)
  5 ball pythons
  5 frilled lizards
  6 kobolds
  2 rats (D:2)
54 creatures vanquished.

Notes
Turn   | Place    | Note
-------+----------+-------------------------------------------
     0 | D:1      | qeuew the Gargoyle Fighter began the quest for the Orb.
     0 | D:1      | Reached XP level 1. HP: 14/14 MP: 1/1
   168 | D:1      | Reached XP level 2. HP: 19/19 MP: 2/2
   380 | D:1      | Found Xineor's Armour Shoppe.
   874 | D:2      | Reached XP level 3. HP: 19/23 MP: 3/3
   891 | D:2      | Identified the ring "Kofozeyfei" {rElec rN++ rCorr SInv
                  | Stlth+}
  1573 | D:3      | Reached XP level 4. HP: 29/29 MP: 4/4
  1676 | D:3      | Identified the +0 leather armour of Purpose {rF+ Dex+3}
  2061 | D:3      | Found a faded altar of an unknown god.
  2209 | D:4      | Reached XP level 5. HP: 31/33 MP: 5/5
  2219 | D:4      | Reached skill level 1 in Evocations
  2231 | D:4      | HP: 1/33 [gnoll bouda/+0 whip (3)]
  2233 | D:4      | Slain by a gnoll bouda

Illustrated notes

Levels and vault maps discovered:
D:1:      spicycebolla_arrival_transporter_tutorial, layout_basic, serial_shops,
          shop, minmay_door_square, feat_on_display
D:2:      layout_rooms
D:3:      layout_basic, shapermc_ecumenical_altar_mp_vishouse
D:4:      minmay_diamond_boxcup, layout_basic

Skill      XL: |  1  2  3  4  5 |
---------------+----------------+-----
Armour         | 4 |  4.6
Maces & Flails | 3 |  3.5
Fighting       | 4 |  4.0
Shields        | 4 |  4.0
Evocations     | 1 |  1.0

Action                     |  1- 3 |  4- 6 || total
---------------------------+-------+-------++-------
  Melee: Flail             |   141 |    51 ||   192
    Use: Potion            |     4 |     1 ||     5
         Scroll            |     3 |     4 ||     7
 Armour: Scale mail        |    80 |    31 ||   111
  Dodge: Dodged            |    62 |    35 ||    97
  Block: Buckler           |    42 |    20 ||    62

Table legend: (Time is in decaauts)
 A = Elapsed time spent in this place.
 B = Non-inter-level travel time spent in this place.
 C = Inter-level travel time spent in this place.
 D = Time resting spent in this place.
 E = Time spent auto-exploring this place.
 F = Levels seen in this place.
 G = Mean time per level.
                   A        B        C        D        E       F      G
               +--------+--------+--------+--------+--------+-----+--------+
         Total |   2289 |   2170 |    119 |     45 |   1645 |   4 |  572.2 |
       Dungeon |   2289 |   2170 |    119 |     45 |   1645 |   4 |  572.2 |
               +--------+--------+--------+--------+--------+-----+--------+

Top non-repeatable levels by time:
     D:3: 908 daAuts
     D:1: 840 daAuts
     D:2: 475 daAuts
     D:4: 66 daAuts
